Map: Thunderbird LE

Players

DisK - Winner!

  • Race: Protoss Protoss
  • Spawn Location: 5:00

Trumpet

  • Race: Protoss Protoss
  • Spawn Location: 11:00

VOD

Have the link to the VOD?

Description

Time

  • Played on: Sept. 6, 2019, 1:22 p.m.
  • Length: 9:54
Show
View Real Time Build Order
Export as new Build Order

DisK Protoss - Winner!

Build Orders: Zealot Archon 

Get SALT Encoding   

  12  0:00  Probe  
  13  0:12  Probe  
  14  0:17  Pylon  
  14  0:24  Probe  
  15  0:32  Probe  
  15  0:35  Gateway  
  15  0:40  Probe  
  16  0:46  Assimilator  
  17  0:51  Probe  
  17  0:55  Assimilator  
  18  0:59  Probe  
  19  1:07  Probe  
  19  1:08  Gateway  
  19  1:17  Probe  
  20  1:24  Cybernetics Core  
  21  1:30  Probe  
  22  1:35  Pylon  
  22  1:43  Probe  
  23  1:55  Probe  
  24  2:01  Warp Gate, Sentry, Stalker  
  28  2:11  Pylon, Probe  
  29  2:36  Probe  
  30  2:41  Nexus  
  30  2:44  Shield Battery  
  30  2:46  Probe  
  31  2:53  Sentry  
  31  2:54  Probe, Sentry  
  36  3:06  Forge, Probe  
  37  3:18  Probe  
  38  3:22  Robotics Facility  
  38  3:27  Probe  
  38  3:30  Protoss Ground Weapons Level 1  
  39  3:37  Pylon  
  39  3:51  Probe  
  39  3:53  Probe, Adept x2  
  45  3:59  Probe  
  45  4:06  Probe  
  45  4:09  Probe  
  47  4:14  Immortal, Probe  
  52  4:21  Probe  
  54  4:24  Probe  
  54  4:26  Twilight Council  
  55  4:34  Probe  
  56  4:39  Probe  
  55  4:46  Probe, Assimilator x2  
  55  4:47  Pylon  
  55  4:52  Gateway  
  56  4:54  Gateway  
  56  4:58  Probe x2  
  56  5:10  Probe x2  
  56  5:13  Charge  
  58  5:14  Templar Archives  
  58  5:17  Pylon, Zealot  
  58  5:20  Zealot  
  62  5:22  Probe  
  62  5:24  Protoss Ground Weapons Level 2  
  62  5:26  Pylon  
  63  5:36  Gateway  
  63  5:39  Gateway  
  63  5:41  Pylon  
  63  5:47  Adept x2  
  67  5:52  High Templar x2  
  71  5:58  Archon  
  71  5:59  Nexus  
  71  6:08  Gateway  
  71  6:14  Gateway  
  71  6:20  Gateway  
  71  6:22  Pylon  
  71  6:27  Pylon  
  71  6:28  Probe  
  71  6:29  Probe  
  73  6:33  High Templar x2  
  73  6:38  Phoenix  
  77  6:41  Archon  
  77  6:47  Probe  
  77  6:50  Zealot x2, High Templar x2  
  77  6:52  Warp Prism  
  84  6:55  Probe  
  84  6:56  Pylon, Archon  
  84  6:58  Probe  
  85  7:01  Assimilator  
  85  7:06  Assimilator  
  85  7:07  Probe x2  
  87  7:11  Probe  
  87  7:13  High Templar  
  87  7:14  Zealot, High Templar  
  95  7:18  Archon  
  95  7:25  Zealot x4  
  103  7:36  Immortal  
  107  7:38  Probe x2  
  107  7:40  Probe  
  107  7:43  High Templar x2  
  114  7:45  Pylon  
  114  7:46  Archon  
  114  7:55  Probe x3  
  114  7:57  Pylon  
  117  7:58  Pylon  
  117  8:00  High Templar x2  
  121  8:06  Zealot x3  
  121  8:07  Archon  
  127  8:15  Pylon  
  127  8:16  Zealot x3  
  127  8:19  Zealot  
  135  8:23  Shield Battery  
  135  8:27  Zealot, High Templar x2  
  137  8:31  Archon  
  141  8:37  Zealot x2  
  141  8:38  High Templar  
  141  8:39  Zealot x2, High Templar  
  153  8:42  Archon  
  153  8:43  Shield Battery  
  153  8:46  Observer  
  153  8:50  Probe  
  153  8:51  Probe x2  
  153  8:52  Pylon  
  153  8:53  Photon Cannon  
  145  9:11  Photon Cannon  
  145  9:13  Photon Cannon  
  145  9:15  Photon Cannon  
  145  9:32  Zealot x9  
  135  9:51  Zealot x2  
  135  9:52  Zealot  
Show
View Real Time Build Order
Export as new Build Order

Trumpet Protoss 

Build Orders: Phoenix Opening, Zealot Archon 

Get SALT Encoding   

  12  0:00  Probe  
  13  0:13  Probe  
  14  0:17  Pylon  
  14  0:22  Probe  
  15  0:31  Probe  
  16  0:37  Gateway  
  16  0:40  Probe  
  16  0:45  Assimilator  
  17  0:52  Probe  
  17  0:54  Assimilator  
  18  1:04  Probe  
  18  1:08  Gateway  
  19  1:16  Probe  
  20  1:24  Cybernetics Core  
  20  1:28  Probe  
  21  1:33  Pylon  
  21  1:40  Probe  
  22  1:52  Probe  
  22  1:53  Warp Gate  
  23  1:54  Sentry  
  23  2:00  Stalker  
  27  2:18  Probe  
  27  2:19  Pylon  
  28  2:34  Nexus  
  28  2:35  Phoenix  
  28  2:39  Probe  
  29  2:46  Forge  
  29  2:53  Probe  
  29  2:55  Protoss Ground Weapons Level 1  
  30  3:02  Robotics Facility  
  30  3:05  Probe  
  31  3:17  Probe  
  32  3:29  Probe  
  33  3:41  Probe, Sentry x2  
  33  3:42  Probe  
  39  3:52  Immortal  
  39  3:53  Probe  
  39  3:54  Probe  
  44  3:56  Twilight Council  
  45  4:05  Probe  
  45  4:06  Probe  
  47  4:15  Pylon  
  47  4:17  Probe  
  47  4:18  Probe  
  47  4:21  Pylon  
  49  4:25  Assimilator  
  49  4:26  Assimilator  
  49  4:29  Probe  
  49  4:30  Probe  
  49  4:31  Adept  
  49  4:41  Protoss Ground Weapons Level 2  
  49  4:42  Probe x2  
  50  4:51  Charge  
  50  4:54  Probe x2  
  52  5:06  Probe  
  52  5:10  Probe  
  53  5:18  Probe  
  53  5:19  Immortal  
  58  5:22  Templar Archives  
  58  5:30  Probe x2  
  58  5:33  Pylon  
  60  5:42  Probe x2  
  62  5:49  Gateway  
  62  5:52  Gateway  
  62  5:54  Probe  
  63  5:58  Gateway  
  63  6:00  Gateway  
  63  6:08  Warp Prism  
  65  6:16  High Templar x2  
  69  6:20  Pylon  
  69  6:22  Shield Battery  
  69  6:25  Archon  
  69  6:36  Shield Battery, Pylon  
  69  6:39  Pylon, Probe  
  68  6:42  Probe  
  68  6:43  Gateway x2  
  68  6:46  Gateway  
  64  6:55  Probe  
  64  6:58  Gateway  
  64  6:59  Probe  
  64  7:00  High Templar  
  64  7:01  Gateway  
  68  7:04  High Templar  
  68  7:07  Probe  
  71  7:10  Archon  
  71  7:11  High Templar x2  
  71  7:13  High Templar x2  
  79  7:16  Archon  
  79  7:17  Archon  
  80  7:22  Probe  
  80  7:23  Probe  
  81  7:37  Zealot  
  81  7:38  Zealot  
  81  7:42  Pylon  
  85  7:52  Zealot x3, High Templar x2  
  85  7:53  Zealot x2  
  85  7:56  Zealot, Archon  
  101  7:58  Pylon  
  101  8:02  Zealot  
  101  8:03  Zealot  
  101  8:05  Zealot  
  107  8:17  High Templar  
  107  8:18  Zealot x3, High Templar  
  117  8:23  Pylon  
  117  8:26  Archon  
  117  8:34  Adept x3  
  116  8:37  Adept  
  110  8:52  Pylon  
  110  8:55  Probe x2  
  112  8:58  High Templar x2  
  112  8:59  Zealot  
  94  9:08  Archon  
  86  9:16  Probe x2  
  87  9:25  Pylon  
  87  9:28  Probe  
  88  9:36  Zealot x2  
  88  9:37  Zealot x3  
  82  9:41  Zealot  
  72  9:46  Zealot  
  72  9:50  High Templar x2  
Tags
 
Add a new tag
Caveats
  • Supply blocks, unpowered buildings, or Contaminate may cause inaccurate times.
  • Supply counts are checked every 10 seconds.